 Dungeon Crawl Stone Soup version 0.30.1-9-gdf580d7c3d (webtiles) character file.

Game seed: 5495866737073225826

8593 H0rd4k the Slicer (level 11, -1/85 HPs)
             Began as a Human Artificer on Sept 25, 2023.
             Was an Initiate of Gozag.
             Killed from afar by an orc wizard (15 damage)
             ... with a puff of flame
             ... on level 8 of the Dungeon.
             The game lasted 00:14:58 (8180 turns).

H0rd4k the Slicer (Human Artificer)                 Turns: 8180, Time: 00:14:59

Health: -1/85      AC: 16    Str: 18    XL:     11   Next: 58%
Magic:  15/15      EV: 11    Int: 23    God:    Gozag
Gold:   1535       SH:  0    Dex: 18    Spells: 15/15 levels left

rFire   x . .        t - +7 rapier of Wiafavar {spect, rN+ rCorr Dex+5}
rCold   + . .        (no shield)
rNeg    + . .        G - +3 chain mail of Fis Qokk {+Blink Fly}
rPois   .            v - +0 helmet
rElec   .            A - scarf {+Inv}
rCorr   +            u - +2 pair of gloves
SInv    .            P - +0 pair of boots
Will    +....        (no amulet) Stlth
                     r - +6 ring of intelligence
HPRegen 0.34/turn    f - ring "Dafi Goig" {Ice Will+ Str+6 Stlth-}
MPRegen 0.14/turn

%: no passive effects
@: lethally poisoned (-1 -> -2), flying
A: no striking features
a: Renounce Religion, Evoke Blink, Evoke Invisibility, Potion Petition, Call
Merchant, Bribe Branch


You were on level 8 of the Dungeon.
You worshipped Gozag.
Gozag was most pleased with you.
You visited 1 branch of the dungeon, and saw 8 of its levels.
You also visited: Bailey.

You collected 1714 gold pieces.
You paid 179 gold pieces to Gozag.

Inventory:

Hand Weapons
 t - the +7 rapier of Wiafavar (weapon) {spect, rN+ rCorr Dex+5}
   (You found it on level 2 of the Dungeon)

   Dex:       It affects your dexterity (+5).
   rN:        It protects you from negative energy.
   rCorr:     It protects you from acid and corrosion.
Missiles
 i - a throwing net
 E - 6 poisoned darts
Armour
 u - a +2 pair of gloves (worn)
 v - a +0 helmet (worn)
 A - a scarf of invisibility (worn)
 G - the +3 chain mail of Fis Qokk (worn) {+Blink Fly}
   (You found it in a bailey)

   Fly:       It grants you flight.
   +Blink:    It lets you blink.
 P - a +0 pair of boots (worn)
Jewellery
 f - the ring "Dafi Goig" (right hand) {Ice Will+ Str+6 Stlth-}
   (You acquired it on level 7 of the Dungeon)

   [ring of ice]

   It enhances your ice magic.
   Str:       It affects your strength (+6).
   rF:        It makes you vulnerable to fire.
   rC:        It protects you from cold.
   Will:      It increases your willpower.
   Stlth:     It makes you less stealthy.
 r - a +6 ring of intelligence (left hand)
 y - a ring of wizardry
 F - a ring of poison resistance
 L - a +6 ring of dexterity
Wands
 b - a wand of quicksilver (7)
 c - a wand of digging (5) (quivered)
 d - a wand of charming (3)
 K - a wand of paralysis (8)
 M - a wand of flame (5)
Scrolls
 a - 4 scrolls of enchant armour {unknown}
 e - 2 scrolls of fog
 g - 4 scrolls of immolation
 j - 2 scrolls of blinking
 k - 2 scrolls of vulnerability {unknown}
 l - a scroll of fear
 n - 6 scrolls of teleportation
 o - 2 scrolls of magic mapping
 p - a scroll of poison
 x - a scroll of butterflies
 N - a scroll of enchant weapon
 O - a scroll of torment
Potions
 h - 3 potions of mutation
 m - a potion of might
 q - 3 potions of curing
 s - a potion of flight
 w - a potion of heal wounds
 z - 2 potions of haste {unknown}
 B - 2 potions of lignification {unknown}
 C - 2 potions of berserk rage {unknown}
 D - a potion of brilliance {unknown}
 H - a potion of resistance {unknown}
Miscellaneous
 I - a piece from Xom's chessboard (15/15)
 J - a box of beasts


   Skills:
 - Level 7.7 Fighting
 - Level 11.2 Short Blades
 - Level 1.3 Maces & Flails
 - Level 2.0 Armour
 - Level 7.0 Dodging
 + Level 3.0 Stealth
 * Level 2.8 Spellcasting
 + Level 7.4 Evocations


You had 15 spell levels left.
You didn't know any spells.
Your spell library contained the following spells:

 Spells                   Type           Power      Damage    Failure   Level
 Blink                    Tloc           6%         N/A       87%         2
 Call Canine Familiar     Summ           3%         N/A       98%         3
 Dazzling Flash           Conj/Hex       6%         N/A       98%         3
 Portal Projectile        Hex/Tloc       6%         N/A       98%         3
 Volatile Blastmotes      Fire/Tloc      6%         2d10      98%         3
 Iskenderun's Mystic Bla  Conj/Tloc      3%         2d3       100%        4
 Leda's Liquefaction      Hex/Erth       1%         N/A       100%        4
 Manifold Assault         Tloc           3%         N/A       100%        4
 Starburst                Conj/Fire      1%         6d3       100%        6
 Storm Form               Tmut/Air       1%         N/A       100%        7


Dungeon Overview and Level Annotations

Branches:
Dungeon (8/15)             Temple (0/1) D:7          Bailey (visited)
   Lair: D:8-11

Altars:
Ashenzari
Cheibriados
Fedhas
Gozag
Nemelex Xobeh
Trog
Vehumet
Wu Jian
Zin
The Shining One

Annotations:
D:4 exclusion: 2 upstairs


Message History

You puncture the orc!
You kill the orc!
The gnoll is no longer distracted by gold.
The kobold brigand is no longer distracted by gold.
The orc wizard hits you but does no damage.
The kobold brigand throws a poisoned dart.
The poisoned dart hits you.
You are poisoned.
The orc wizard attacks as you move away!
The orc wizard hits you but does no damage.
You feel sick.
The orc wizard is distracted by your dazzling golden aura.
The orc is distracted by your dazzling golden aura.
The kobold brigand barely misses you.
The orc wizard gestures wildly while chanting.
The orc wizard flickers and vanishes!
The orc shouts!
The orc wizard shouts!
Items here: $ ))))) [[[[.
You closely miss the kobold brigand. You barely miss the kobold brigand.
You punch the kobold brigand.
The kobold brigand is lightly wounded.
You feel sick.
The orc priest is no longer distracted by gold.
The gnoll is distracted by your dazzling golden aura.
The kobold brigand is distracted by your dazzling golden aura.
The orc priest mumbles some strange prayers to Beogh against you.
Beogh smites you!
* * * LOW HITPOINT WARNING * * *
The gnoll shouts!
The kobold brigand shouts!
You hit the kobold brigand.
The kobold brigand is no longer distracted by gold.
The kobold brigand is moderately wounded.
You feel sick.
The kobold brigand hits you but does no damage.
The orc warrior barely misses you.
You hear some strange, mumbled words.
A puff of flame appears from out of thin air!
The puff of flame hits you! The fire burns you terribly!
You die...
Your body crumbles into a pile of gold.

~≈≈≈~..$.~$≈≈≈≈≈≈≈
~≈≈~~....~≈~~~≈~~≈
..................
#####''$'######### #....#
#..$.# #..$.# .
##''#########..).#######''
.......KK@o$#.o..#........
......$g#8{$)oo$.$$.$$....
$##''##..#8..o....$........
#.. #......#8..8#........ .
#####################


You could see an orc warrior, 2 kobold brigands, an orc priest, an orc wizard, a
gnoll and an orc.

Vanquished Creatures
  A two-headed ogre (D:8)
  Pikel (D:4)
  An orc knight (Bailey)
  A deep elf pyromancer (Bailey)
  A kobold demonologist (D:8)
  Sigmund (D:3)
  3 slime creatures (D:8)
  A vampire (D:7)
  A wraith (D:7)
  3 yaks (D:8)
  A wyvern (D:7)
  2 wargs (D:8)
  3 water moccasins
  6 orc warriors
  An ice beast (D:7)
  4 ogres
  A centaur (D:7)
  A lemure (D:4)
  2 phantoms
  A kobold brigand (D:8)
  2 bullfrogs (D:7)
  2 gnoll sergeants (D:8)
  A scorpion (D:6)
  11 wights
  9 killer bees (D:8)
  4 howler monkeys (D:8)
  5 hounds
  4 orc priests (D:8)
  A sleepcap (D:8)
  3 gnoll boudas (D:8)
  2 iguanas
  Natasha (thrice) (D:3)
  18 orc wizards
  Robin (D:3)
  9 adders
  7 gnolls (D:8)
  2 shadow imps
  A white imp (D:6)
  An ufetubus (D:5)
  3 worms
  A dart slug (D:5)
  34 orcs
  9 ball pythons
  4 endoplasms
  2 giant cockroaches
  21 goblins
  8 hobgoblins
  2 jackals (D:3)
  4 kobolds
  4 quokkas
  2 bats
  7 frilled lizards
  4 rats
227 creatures vanquished.

Vanquished Creatures (collateral kills)
  2 orc warriors (Bailey)
  3 orcs (Bailey)
5 creatures vanquished.

Vanquished Creatures (others)
  2 orc warriors (Bailey)
  An orc wizard (D:6)
3 creatures vanquished.

Grand Total: 235 creatures vanquished

Notes
Turn   | Place    | Note
-------+----------+-------------------------------------------
     0 | D:1      | H0rd4k the Human Artificer began the quest for the Orb.
     0 | D:1      | Reached XP level 1. HP: 15/15 MP: 1/1
   294 | D:1      | Reached XP level 2. HP: 13/21 MP: 2/2
   659 | D:2      | Reached XP level 3. HP: 6/26 MP: 3/3
   834 | D:2      | Reached XP level 4. HP: 17/32 MP: 4/4
   963 | D:2      | Reached skill level 1 in Maces & Flails
  1060 | D:2      | Identified the +7 rapier of Wiafavar {spect, rN+ rCorr
                  | Dex+5}
  1669 | D:3      | Noticed Sigmund
  1673 | D:3      | Killed Sigmund
  1674 | D:3      | Reached XP level 5. HP: 40/40 MP: 5/5
  1674 | D:3      | Reached XP level 6. HP: 46/46 MP: 6/6
  1973 | D:3      | Noticed Natasha
  1978 | D:3      | Killed Natasha
  2023 | D:3      | Noticed Robin
  2051 | D:3      | Killed Robin
  2191 | D:3      | Reached skill level 5 in Evocations
  2255 | D:3      | Found a broken altar of Ashenzari.
  2438 | D:3      | Reached skill level 1 in Short Blades
  2497 | D:3      | Noticed Natasha
  2501 | D:3      | Killed Natasha
  2502 | D:3      | Reached XP level 7. HP: 52/52 MP: 7/7
  2602 | D:3      | Found a sparkling altar of Nemelex Xobeh.
  2706 | D:3      | Noticed Natasha
  2718 | D:3      | Killed Natasha
  2842 | D:4      | Noticed Pikel
  3091 | D:4      | Killed Pikel
  3092 | D:4      | Reached skill level 4 in Short Blades
  3092 | D:4      | Reached XP level 8. HP: 49/60 MP: 8/8
  3325 | D:4      | Found a glowing golden altar of the Shining One.
  3326 | D:4      | Found a bloodstained altar of Trog.
  3349 | D:4      | Reached skill level 5 in Short Blades
  3709 | D:5      | Entered Level 5 of the Dungeon
  4552 | D:6      | Reached skill level 6 in Short Blades
  4566 | D:6      | Reached XP level 9. HP: 28/64 MP: 9/9
  4748 | D:6      | HP: 2/61 [wight/+4 trident (12)]
  4749 | D:6      | Reached skill level 7 in Short Blades
  5246 | D:6      | Reached skill level 5 in Dodging
  5493 | D:6      | Found a snail-covered altar of Cheibriados.
  5656 | D:7      | Found a flagged portal.
  5664 | D:7      | Reached skill level 5 in Fighting
  5686 | Bailey   | Entered a bailey
  5728 | Bailey   | Reached skill level 8 in Short Blades
  5733 | Bailey   | Found a large runed translucent door.
  5733 | Bailey   | Found a large runed translucent door.
  5869 | Bailey   | Noticed a deep elf pyromancer
  5881 | Bailey   | Noticed an orc knight
  5929 | Bailey   | Killed an orc knight
  5930 | Bailey   | Reached XP level 10. HP: 26/76 MP: 10/10
  6104 | Bailey   | Killed a deep elf pyromancer
  6105 | Bailey   | Reached skill level 9 in Short Blades
  6116 | Bailey   | Identified the +3 chain mail of Fis Qokk {+Blink Fly}
  6677 | D:7      | Found an ornate altar of the Wu Jian Council.
  6728 | D:7      | Found a blossoming altar of Fedhas.
  6731 | D:7      | Found an opulent altar of Gozag.
  6739 | D:7      | Became a worshipper of Gozag Ym Sagoz the Greedy
  6846 | D:7      | Found a glowing silver altar of Zin.
  6930 | D:7      | Found a radiant altar of Vehumet.
  7065 | D:7      | Found a staircase to the Ecumenical Temple.
  7353 | D:7      | Identified 2 scrolls of acquirement
  7353 | D:7      | Acquired the ring "Dafi Goig" {Ice Will+ Str+6 Stlth-}
  7356 | D:7      | Acquired 849 gold pieces
  7543 | D:8      | Reached skill level 10 in Short Blades
  7597 | D:8      | Noticed a two-headed ogre
  7621 | D:8      | Killed a two-headed ogre
  7622 | D:8      | Reached XP level 11. HP: 45/84 MP: 11/11
  7978 | D:8      | Reached skill level 11 in Short Blades
  8024 | D:8      | Reached skill level 1 in Spellcasting
  8180 | D:8      | Killed from afar by an orc wizard

Illustrated notes

Levels and vault maps discovered:
D:1:      nicolae_arrival_memento_mori, layout_rooms, minmay_lizard_pond
D:2:      layout_loops_ring, st_stairs_14
D:3:      layout_basic, nemelex_diamond_rough_becter,
          nicolae_overflow_hidden_temple, kennysheep_generic_room_10,
          uniq_sigmund, uniq_natasha, uniq_robin
D:4:      layout_basic, gammafunk_temple_overflow_statue, serial_glass,
          glass_columns_b, glass_columns_a, glass_columns_c, glass_columns_a,
          hangedman_decor_opposing, minmay_goblin_outpost, uniq_pikel
D:5:      layout_gridville
D:6:      layout_loops_ring, kennysheep_mini_moat
D:7:      layout_basic, zin_statuary, mainiacjoe_overflow_catwalk_spiral,
          temple_doors_e, enter_bailey_5, hangedman_feature_mirror,
          minmay_microvault
D:8:      lemuel_castle_with_subvaults [lemuel_castle_interior_carwin_2],
          layout_cave_pools

Skill      XL: |  1  2  3  4  5  6  7  8  9 10 11 |
---------------+----------------------------------+-----
Evocations     | 4 5 6 7 |  7.4
Maces & Flails | 1 |  1.3
Fighting       | 2 3 4 5 7 |  7.7
Dodging        | 3 4 5 6 7 |  7.0
Short Blades   | 1 4 6 8 10 11 | 11.2
Spellcasting   | 2 |  2.8
Stealth        | 3 |  3.0
Armour         | |  2.0

Action                     |  1- 3 |  4- 6 |  7- 9 | 10-12 || total
---------------------------+-------+-------+-------+-------++-------
  Melee: Club              |    86 |    34 |       |       ||   120
         Punch             |     1 |       |     2 |     4 ||     7
         Rapier            |       |    49 |   183 |   264 ||   496
  Evoke: Wand              |     4 |     9 |    19 |       ||    32
    Use: Potion            |       |       |     4 |     1 ||     5
         Scroll            |       |       |       |    14 ||    14
   Stab: Sleeping          |     1 |     2 |     4 |       ||     7
         Distracted        |       |       |     2 |     9 ||    11
 Armour: Leather armour    |    23 |    22 |    39 |       ||    84
         Chain mail        |       |       |       |    93 ||    93
  Dodge: Dodged            |    66 |    34 |   100 |    85 ||   285
